[Event "POL Youth-ch U20 Girls 2020"]
[Site "Pokrzywna"]
[Date "2020.11.30"]
[Round "2.1"]
[White "Antolak, Julia"]
[Black "Parol, Pola"]
[Result "1-0"]
[ECO "B93"]
[WhiteElo "2313"]
[BlackElo "2069"]
[Annotator "ChessBase"]
[PlyCount "55"]
[EventDate "2020.11.29"]
[EventType "swiss"]
[EventCountry "POL"]
[SourceTitle "playchess.com"]
[Source "ChessBase"]
[SourceQuality "1"]
[TimeControl "40/5400+30:1800+30"]

1. e4 c5 2. Nf3 d6 3. d4 cxd4 4. Nxd4 Nf6 5. Nc3 a6 6. f4 g6 7. Nf3 Bg7 8. e5 dxe5 9. Qxd8+ Kxd8 10. fxe5 Ng4 11. Bf4 e6 12. h3 Nh6 13. O-O-O+ Nd7 14. Ne4 b6 15. Nd6 Kc7 16. g4 Rf8 17. Bg2 Rb8 18. Rhe1 Ng8 19. Ng5 Bh6 20. Re4 Bxg5 21. Rc4+ Kd8 22. Bxg5+ f6 23. exf6 Ngxf6 24. Rf4 Ke7 25. Ne4 Bb7 26. Nxf6 Nxf6 27. Bxb7 Rxb7 28. Rdf1 1-0

[Event "POL Youth-ch U20 Girls 2020"]
[Site "Pokrzywna"]
[Date "2020.11.30"]
[Round "2.2"]
[White "Marcinczyk, Monika"]
[Black "Malicka, Maria"]
[Result "0-1"]
[ECO "B92"]
[WhiteElo "2030"]
[BlackElo "2291"]
[Annotator "ChessBase"]
[PlyCount "76"]
[EventDate "2020.11.29"]
[EventType "swiss"]
[EventCountry "POL"]
[SourceTitle "playchess.com"]
[Source "ChessBase"]
[SourceQuality "1"]
[TimeControl "40/5400+30:1800+30"]

1. e4 c5 2. Nf3 d6 3. d4 cxd4 4. Nxd4 Nf6 5. Nc3 a6 6. Be2 e5 7. Nb3 Be7 8. Be3 Be6 9. O-O O-O 10. Qd2 Nbd7 11. a4 Nb6 12. a5 Nc4 13. Bxc4 Bxc4 14. Rfd1 Rc8 15. f3 Rc6 16. Nc1 d5 17. exd5 Rd6 18. Bb6 Qc8 19. Nd3 Nd7 20. Bf2 Bxd5 21. Qe1 Bc6 22. Bg3 Re6 23. b4 Rd8 24. Bf2 Nf6 25. Ne4 Bxe4 26. fxe4 Qc6 27. Bb6 Rc8 28. Nf2 Qc4 29. Rab1 Rec6 30. Nd3 Qxe4 31. Nxe5 Rxc2 32. Qxe4 Nxe4 33. Re1 Nd2 34. Rbd1 Bxb4 35. Nd3 Bf8 36. Rc1 Rxc1 37. Rxc1 Rxc1+ 38. Nxc1 Nc4 0-1

[Event "POL Youth-ch U20 Girls 2020"]
[Site "Pokrzywna"]
[Date "2020.11.30"]
[Round "2.3"]
[White "Cieslak, Wiktoria"]
[Black "Rudzinska, Michalina"]
[Result "0-1"]
[ECO "B42"]
[WhiteElo "2008"]
[BlackElo "2189"]
[Annotator "ChessBase"]
[PlyCount "148"]
[EventDate "2020.11.29"]
[EventType "swiss"]
[EventCountry "POL"]
[SourceTitle "playchess.com"]
[Source "ChessBase"]
[SourceQuality "1"]
[TimeControl "40/5400+30:1800+30"]

1. e4 c5 2. Nf3 e6 3. d4 cxd4 4. Nxd4 a6 5. Bd3 Nf6 6. O-O Qc7 7. Qe2 d6 8. c4 g6 9. Nc3 Bg7 10. Be3 O-O 11. Rac1 Nbd7 12. Kh1 b6 13. b4 Bb7 14. Nb3 Rac8 15. f3 Qb8 16. Na4 Bc6 17. b5 Ba8 18. Qf2 Nc5 19. Nbxc5 dxc5 20. bxa6 Rfd8 21. Bc2 Nd7 22. Rb1 Qa7 23. Rfd1 Qxa6 24. Rxd7 Rxd7 25. Nxb6 Rdc7 26. Nxc8 Rxc8 27. Bb3 Bf8 28. Rd1 Qa3 29. h3 Bc6 30. Qh4 Qa5 31. Bd2 Qc7 32. Bf4 e5 33. Bg5 Ra8 34. Bd8 Qb7 35. Qf6 Ba4 36. Bxa4 Rxa4 37. Qxe5 Rxc4 38. Bg5 Rd4 39. Rxd4 cxd4 40. Qxd4 Qb1+ 41. Kh2 Qxa2 42. Bd2 Qe6 43. Bf4 Be7 44. Kh1 h5 45. Bd2 Bf6 46. Qe3 Qc4 47. e5 Be7 48. f4 Bc5 49. Qf3 Qd4 50. Be3 Qxe3 51. Qxe3 Bxe3 52. g3 h4 53. Kg2 hxg3 54. Kxg3 Kf8 55. Kg4 Ke7 56. f5 gxf5+ 57. Kxf5 Bc1 58. h4 Bh6 59. h5 Bc1 60. Ke4 Ke6 61. Kd4 Bb2+ 62. Ke4 Bxe5 63. h6 f5+ 64. Kf3 Kf6 65. h7 Kg6 66. h8=Q Bxh8 67. Kf4 Kf6 68. Kf3 Kg5 69. Kg3 f4+ 70. Kf3 Kf5 71. Kf2 Kg4 72. Kg2 f3+ 73. Kf2 Bd4+ 74. Kf1 Kg3 0-1

[Event "POL Youth-ch U20 Girls 2020"]
[Site "Pokrzywna"]
[Date "2020.11.30"]
[Round "2.4"]
[White "Sowa, Wiktoria"]
[Black "Smietanska, Wiktoria"]
[Result "1-0"]
[ECO "B36"]
[WhiteElo "2093"]
[BlackElo "2013"]
[Annotator "NA"]
[PlyCount "65"]
[EventDate "2020.11.29"]
[EventType "swiss"]
[EventCountry "POL"]
[SourceTitle "playchess.com"]
[Source "ChessBase"]
[SourceQuality "1"]
[TimeControl "40/5400+30:1800+30"]

1. e4 c5 2. Nf3 g6 3. d4 cxd4 4. Nxd4 Nc6 5. c4 Nf6 6. Nc3 d6 7. Nc2 Bg7 8. Be2 O-O 9. O-O a5 10. Be3 a4 11. f3 Qa5 12. Qd2 Nd7 13. Na3 Nc5 14. Rab1 Ne6 15. Nab5 Bd7 {[%emt 0:12:26] [#]} 16. c5 $16 Rfd8 17. cxd6 Be8 18. f4 exd6 19. f5 Nc5 20. Bg5 f6 21. Bc4+ Kh8 22. Bh6 Ne5 23. Be2 g5 24. Bxg7+ Kxg7 25. Nd4 Bf7 26. Qe3 Rac8 27. Kh1 Re8 28. Qf2 Nc4 29. Ne6+ Bxe6 30. fxe6 Nxe6 31. Qxf6+ Kg8 32. Bxc4 Rxc4 33. Qf7+ 1-0

[Event "POL Youth-ch U20 Girls 2020"]
[Site "Pokrzywna"]
[Date "2020.11.30"]
[Round "2.5"]
[White "Goraj, Barbara"]
[Black "Czernikowska, Laura"]
[Result "1-0"]
[ECO "B44"]
[WhiteElo "2078"]
[BlackElo "1508"]
[Annotator "ChessBase"]
[PlyCount "71"]
[EventDate "2020.11.29"]
[EventType "swiss"]
[EventCountry "POL"]
[SourceTitle "playchess.com"]
[Source "ChessBase"]
[SourceQuality "1"]
[TimeControl "40/5400+30:1800+30"]

1. e4 c5 2. Nf3 e6 3. d4 cxd4 4. Nxd4 Nc6 5. Nb5 d6 6. c4 h6 7. Be2 Nf6 8. N1c3 Be7 9. Be3 O-O 10. O-O b6 11. f3 Bb7 12. Qd2 Qd7 13. Rfd1 Rfd8 14. Rac1 Qc8 15. Bf1 Ne8 16. Nd5 exd5 17. cxd5 Qd7 18. dxc6 Bxc6 19. Nd4 Rdc8 20. Rxc6 Rxc6 21. Bb5 Rac8 22. Nxc6 Qb7 23. Nxe7+ Qxe7 24. Bxe8 Qxe8 25. b3 Qb5 26. h3 Rd8 27. Kh1 Qc6 28. Qd3 Kf8 29. Rc1 Qb7 30. Qd5 Qe7 31. Rd1 g5 32. Qf5 Kg7 33. f4 f6 34. Bd4 Re8 35. fxg5 hxg5 36. Qxg5+ 1-0

[Event "POL Youth-ch U20 Girls 2020"]
[Site "Pokrzywna"]
[Date "2020.11.30"]
[Round "2.6"]
[White "Budkiewicz, Magdalena"]
[Black "Starosta, Martyna"]
[Result "1-0"]
[ECO "C88"]
[WhiteElo "1672"]
[BlackElo "2094"]
[Annotator "ChessBase"]
[PlyCount "75"]
[EventDate "2020.11.29"]
[EventType "swiss"]
[EventCountry "POL"]
[SourceTitle "playchess.com"]
[Source "ChessBase"]
[SourceQuality "1"]
[TimeControl "40/5400+30:1800+30"]

1. e4 e5 2. Nf3 Nc6 3. Bb5 a6 4. Ba4 Nf6 5. O-O Be7 6. Re1 b5 7. Bb3 O-O 8. a4 Bb7 9. d3 d6 10. Nc3 b4 11. Nd5 Nxd5 12. Bxd5 Na5 13. Ba2 c5 14. c3 Nc6 15. d4 Qc7 16. Be3 cxd4 17. cxd4 Bf6 18. Rc1 Qe7 19. d5 Na7 20. Bb6 Rfc8 21. Qd2 b3 22. Bxb3 Qd7 23. Qe3 Rxc1 24. Rxc1 Nc8 25. Rc7 Nxb6 26. Rxd7 Nxd7 27. Nd2 h6 28. Nc4 Bg5 29. Qf3 Be7 30. h3 Bc8 31. Na5 Nc5 32. Nc6 Kf8 33. Bc2 Bd7 34. b4 Nb7 35. Qc3 Rc8 36. Bd3 a5 37. Ba6 Rc7 38. b5 1-0

[Event "POL Youth-ch U20 Girls 2020"]
[Site "Pokrzywna"]
[Date "2020.11.30"]
[Round "2.7"]
[White "Kiolbasa, Oliwia"]
[Black "Zabrzanska, Weronika"]
[Result "1-0"]
[ECO "C78"]
[WhiteElo "2260"]
[BlackElo "1849"]
[Annotator "ChessBase"]
[PlyCount "61"]
[EventDate "2020.11.29"]
[EventType "swiss"]
[EventCountry "POL"]
[SourceTitle "playchess.com"]
[Source "ChessBase"]
[SourceQuality "1"]
[TimeControl "40/5400+30:1800+30"]

1. e4 e5 2. Nf3 Nc6 3. Bb5 a6 4. Ba4 Nf6 5. O-O Bc5 6. d3 d6 7. c3 b5 8. Bb3 O-O 9. h3 h6 10. Re1 Ba7 11. Nbd2 Re8 12. Nf1 d5 13. exd5 Nxd5 14. d4 e4 15. N3d2 f5 16. Ne3 Nce7 17. f3 c5 18. Nxd5 Nxd5 19. fxe4 c4 20. Bc2 fxe4 21. Nxe4 Bb7 22. Bxh6 gxh6 23. Qg4+ Kh8 24. Qg6 Qh4 25. Nd6 Rxe1+ 26. Rxe1 Bxd4+ 27. cxd4 Qxd4+ 28. Kh1 Qg7 29. Nf7+ Kg8 30. Nxh6+ Kh8 31. Re8+ 1-0

[Event "POL Youth-ch U20 Girls 2020"]
[Site "Pokrzywna"]
[Date "2020.11.30"]
[Round "2.8"]
[White "Wikar, Martyna"]
[Black "Pietrzak, Emilia"]
[Result "1-0"]
[ECO "B30"]
[WhiteElo "2171"]
[BlackElo "1522"]
[Annotator "NA"]
[PlyCount "87"]
[EventDate "2020.11.29"]
[EventType "swiss"]
[EventCountry "POL"]
[SourceTitle "playchess.com"]
[Source "ChessBase"]
[SourceQuality "1"]
[TimeControl "40/5400+30:1800+30"]

1. e4 c5 2. Nf3 Nc6 3. Bb5 d6 4. O-O Bd7 5. c3 a6 6. Ba4 b5 7. Bc2 e5 8. h3 Nf6 9. d4 exd4 10. cxd4 cxd4 11. Nxd4 Be7 12. Nc3 O-O 13. Be3 Qc7 14. Rc1 Nxd4 15. Bxd4 Bc6 16. Qd3 g6 17. Bb3 $16 Qd7 18. Rfe1 b4 19. Nd5 Nxd5 20. exd5 Bb5 21. Qd2 a5 22. Qh6 f6 23. Re6 Rf7 24. Rce1 Rc8 25. Qe3 Rc7 26. Bb6 Rb7 27. Bxa5 Bf8 28. Bxb4 Ba6 29. Bc3 Bg7 30. Re8+ Rf8 31. Rxf8+ Kxf8 32. Qf4 Bd3 33. Bxf6 Bf5 34. Ba4 Qc7 35. Bxg7+ Kxg7 36. Qd4+ Kg8 37. Bc6 Rb8 38. b4 Rd8 39. a4 Rb8 40. a5 Bc8 41. Re8+ Kf7 42. Qh8 g5 43. Qxh7+ Kf6 44. Qxc7 1-0

[Event "POL Youth-ch U20 Girls 2020"]
[Site "Pokrzywna"]
[Date "2020.11.30"]
[Round "2.9"]
[White "Furtak, Joanna"]
[Black "Dylag, Emilia"]
[Result "0-1"]
[ECO "B12"]
[WhiteElo "1837"]
[BlackElo "2082"]
[Annotator "ChessBase"]
[PlyCount "64"]
[EventDate "2020.11.29"]
[EventType "swiss"]
[EventCountry "POL"]
[SourceTitle "playchess.com"]
[Source "ChessBase"]
[SourceQuality "1"]
[TimeControl "40/5400+30:1800+30"]

1. e4 c6 2. d4 d5 3. e5 c5 4. dxc5 Nc6 5. f4 Nh6 6. Nf3 Bg4 7. Be3 e6 8. Bf2 Nf5 9. Nc3 g5 10. fxg5 Qa5 11. Qd2 Bxc5 12. Bxc5 Qxc5 13. O-O-O O-O-O 14. Bd3 Bxf3 15. gxf3 d4 16. Ne4 Qxe5 17. h4 Ne3 18. Rde1 Qd5 19. Kb1 Ne5 20. Nf6 Qc5 21. Be2 Kb8 22. h5 Ka8 23. f4 Nc6 24. Ng4 Nb4 25. Ne5 Rc8 26. Rc1 Nbd5 27. Nd3 Qb6 28. Bf3 Nc4 29. Qf2 Nc3+ 30. Ka1 Qa5 31. a3 Nxa3 32. bxc3 Nb5+ 0-1

[Event "POL Youth-ch U20 Girls 2020"]
[Site "Pokrzywna"]
[Date "2020.11.30"]
[Round "2.10"]
[White "Szczotka, Klara"]
[Black "Kroliczek, Gabriela"]
[Result "1/2-1/2"]
[ECO "B28"]
[WhiteElo "1928"]
[BlackElo "1911"]
[Annotator "ChessBase"]
[PlyCount "114"]
[EventDate "2020.11.29"]
[EventType "swiss"]
[EventCountry "POL"]
[SourceTitle "playchess.com"]
[Source "ChessBase"]
[SourceQuality "1"]
[TimeControl "40/5400+30:1800+30"]

1. e4 c5 2. Nf3 a6 3. c3 e6 4. d4 d5 5. exd5 exd5 6. Bd3 c4 7. Bc2 Bd6 8. O-O Nf6 9. Re1+ Be6 10. Bg5 O-O 11. Ne5 Bc8 12. Qf3 Be7 13. Nd2 Be6 14. Nf1 Ne8 15. Bxe7 Qxe7 16. Nxc4 Qf6 17. Qxf6 Nxf6 18. Ne5 Nc6 19. Ng3 g6 20. Nd3 Rad8 21. Nc5 Bc8 22. Bd3 Rfe8 23. Re2 Kf8 24. Rae1 Rxe2 25. Rxe2 Re8 26. f3 Rxe2 27. Nxe2 Ke7 28. Kf2 Kd6 29. Ke3 Nd7 30. b4 Ndb8 31. Nf4 Nd7 32. g4 Nf6 33. h4 h6 34. a3 b5 35. Bc2 Ne8 36. Bb3 Nc7 37. Nfd3 g5 38. hxg5 hxg5 39. Nf2 Nd8 40. Nh3 f6 41. Bd1 Nf7 42. Nf2 Ke7 43. Nh1 Nd6 44. Be2 Na8 45. a4 Nb6 46. a5 Na8 47. Ng3 Nc7 48. Nh5 Kf7 49. f4 Nc4+ 50. Bxc4 bxc4 51. f5 Nb5 52. Kd2 Nd6 53. Ng3 Ke7 54. Kc2 Nb5 55. Nf1 Kd6 56. Ne3 Na3+ 57. Kb2 Nb5 1/2-1/2

[Event "POL Youth-ch U20 Girls 2020"]
[Site "Pokrzywna"]
[Date "2020.11.30"]
[Round "2.11"]
[White "Kulpa, Zuzanna"]
[Black "Karykowska, Anna"]
[Result "1/2-1/2"]
[ECO "E11"]
[WhiteElo "1806"]
[BlackElo "1979"]
[Annotator "RC"]
[PlyCount "216"]
[EventDate "2020.11.29"]
[EventType "swiss"]
[EventCountry "POL"]
[SourceTitle "playchess.com"]
[Source "ChessBase"]
[SourceQuality "1"]
[TimeControl "40/5400+30:1800+30"]

1. d4 Nf6 2. c4 e6 3. Nf3 Bb4+ 4. Bd2 a5 5. g3 O-O 6. Bg2 Qe7 7. O-O Bxd2 8. Qxd2 d6 9. Nc3 Nbd7 10. Qc2 Nb6 11. b3 e5 12. d5 Nbd7 13. a3 Nc5 14. b4 axb4 15. axb4 Rxa1 16. Rxa1 Na6 17. Rb1 Nh5 18. e3 f5 19. Qe2 Nf6 20. Nd2 e4 21. Nb5 Ng4 22. Nd4 Qf6 23. Bh3 Ne5 24. f3 exf3 25. N2xf3 Qh6 26. Bg2 Ng4 27. Nc2 Re8 28. Re1 Bd7 29. Qd3 Nf6 30. Nfd4 Ng4 31. Nf3 Qf6 32. Nfd4 Qh6 33. h3 Ne5 34. Qf1 Rf8 35. Ne6 Bxe6 36. dxe6 c6 37. e7 Re8 38. Qxf5 Qg6 39. Qxg6 hxg6 40. b5 Nc5 41. bxc6 Nxc6 42. Rd1 Nxe7 43. Rxd6 Nf5 44. Rd5 b6 45. Kf2 Ne4+ 46. Bxe4 Rxe4 47. g4 Ne7 48. Rd8+ Kf7 49. Nd4 Re5 50. Ke2 Rc5 51. Kd3 g5 52. Rd7 Ke8 53. Rb7 Ng6 54. Rxb6 Ne5+ 55. Ke4 Nxc4 56. Rb8+ Kf7 57. Nf5 Rc7 58. Kd5 g6 59. Rb4 Nd2 60. Nd6+ Ke7 61. Rb8 Nf1 62. Re8+ Kd7 63. Re5 Ra7 64. Nf7 Ra3 65. Rxg5 Ke7 66. Ne5 Ra5+ 67. Kd4 Ra4+ 68. Nc4 Nd2 69. Rxg6 Nxc4 70. Rh6 Nd6+ 71. Kd3 Ra3+ 72. Kd4 Ra4+ 73. Kd3 Ra3+ 74. Ke2 Nc4 75. Rh7+ Kf6 76. Rh6+ Kf7 77. Rh7+ Kf6 78. h4 Nxe3 79. g5+ Kg6 80. Rh6+ Kg7 81. Re6 Nf5 82. Rb6 Nxh4 83. Rc6 Nf5 84. Rf6 Ng3+ 85. Kd1 Ne4 86. Rc6 Nxg5 87. Rc7+ Kf6 88. Rc6+ Kf5 89. Kc2 Ne6 90. Rc3 Ra4 91. Kb3 Re4 92. Kb2 Nd4 93. Rc5+ Kf4 94. Rc3 Re2+ 95. Kb1 Ke4 96. Ra3 Nb5 97. Rb3 Nd6 98. Rb2 Re1+ 99. Kc2 Nc4 100. Rb4 Kd4 101. Kb3 Re3+ 102. Ka4 Ra3+ 103. Kb5 Ra5+ 104. Kc6 Rc5+ 105. Kd7 Kd5 106. Rb7 Nd6 107. Rb6 Nb5 108. Rb7 Ke5 1/2-1/2

[Event "POL Youth-ch U20 Girls 2020"]
[Site "Pokrzywna"]
[Date "2020.11.30"]
[Round "2.12"]
[White "Wolagiewicz, Kinga"]
[Black "Adamczyk, Zuzanna"]
[Result "0-1"]
[ECO "B06"]
[WhiteElo "1791"]
[BlackElo "1924"]
[Annotator "NA"]
[PlyCount "78"]
[EventDate "2020.11.29"]
[EventType "swiss"]
[EventCountry "POL"]
[SourceTitle "playchess.com"]
[Source "ChessBase"]
[SourceQuality "1"]
[TimeControl "40/5400+30:1800+30"]

1. e4 g6 2. d4 Bg7 3. Nf3 d6 4. Bc4 Nf6 5. Qe2 O-O 6. O-O c6 7. Bg5 h6 8. Bh4 g5 9. Bg3 Nh5 10. c3 Nxg3 11. hxg3 Bg4 12. Nbd2 Nd7 13. Qe3 e5 14. dxe5 dxe5 15. Bb3 Qe7 16. Nc4 Nc5 17. Bc2 b6 $14 18. Rfd1 Nb7 19. Rd3 b5 20. Na3 Nc5 21. Rd2 Be6 22. b4 Nd7 23. Bb3 Bxb3 24. axb3 a5 25. Rad1 Nf6 26. Nc2 Qe6 27. bxa5 Rxa5 28. Nb4 Ra3 29. Rd6 Qxb3 30. Nxe5 Nd5 31. Qc1 Nxc3 32. Kh2 Nxd1 33. Nbxc6 Nxf2 34. Ne7+ Kh7 35. Nf3 Ng4+ 36. Kh3 Nf2+ 37. Kh2 Qe3 38. Qc6 Ra1 39. Ng1 Rxg1 0-1

[Event "POL Youth-ch U20 Girls 2020"]
[Site "Pokrzywna"]
[Date "2020.11.30"]
[Round "2.13"]
[White "Siekanska, Maria"]
[Black "Siekanska, Zuzanna"]
[Result "1/2-1/2"]
[ECO "D14"]
[WhiteElo "1919"]
[BlackElo "1800"]
[Annotator "ChessBase"]
[PlyCount "66"]
[EventDate "2020.11.29"]
[EventType "swiss"]
[EventCountry "POL"]
[SourceTitle "playchess.com"]
[Source "ChessBase"]
[SourceQuality "1"]
[TimeControl "40/5400+30:1800+30"]

1. d4 d5 2. c4 Nf6 3. Nc3 c6 4. cxd5 cxd5 5. Bf4 Bf5 6. Nf3 Nc6 7. e3 e6 8. Bd3 Bxd3 9. Qxd3 Bd6 10. Bg3 a6 11. a3 O-O 12. Rc1 Rc8 13. O-O Qc7 14. Bxd6 Qxd6 15. Rc2 Rc7 16. Rfc1 Rfc8 17. Na4 Ne7 18. Rxc7 Rxc7 19. Rxc7 Qxc7 20. Qc3 Qxc3 21. Nxc3 b5 22. Kf1 Kf8 23. Ke2 Nc6 24. b4 Ke7 25. Ne1 Ne8 26. Nd3 Nd6 27. Nc5 Nb8 28. Kd3 Nc4 29. Nb1 Kd6 30. f3 Nb2+ 31. Kc2 Nc4 32. Kd3 Nb2+ 33. Kc2 Nc4 1/2-1/2

[Event "POL Youth-ch U20 Girls 2020"]
[Site "Pokrzywna"]
[Date "2020.11.30"]
[Round "2.14"]
[White "Hertlein, Irena"]
[Black "Pawicka, Magdalena"]
[Result "0-1"]
[ECO "E04"]
[WhiteElo "1893"]
[BlackElo "1762"]
[Annotator "NA"]
[PlyCount "126"]
[EventDate "2020.11.29"]
[EventType "swiss"]
[EventCountry "POL"]
[SourceTitle "playchess.com"]
[Source "ChessBase"]
[SourceQuality "1"]
[TimeControl "40/5400+30:1800+30"]

1. d4 Nf6 2. Nf3 e6 3. g3 d5 4. c4 dxc4 5. Bg2 Bd7 6. Ne5 Bc6 7. Nxc6 Nxc6 8. O-O Be7 9. e3 O-O 10. Nd2 Na5 11. Qa4 c5 12. dxc5 Bxc5 13. b4 cxb3 14. axb3 Nc6 15. Rd1 Qb6 16. Bb2 Be7 17. Nc4 Qb4 18. Qa2 Qb5 19. e4 e5 20. Bf1 Nb4 21. Qb1 Qc6 22. Nxe5 Qxe4 23. Qxe4 Nxe4 24. Rd7 Bc5 25. Rxb7 Bxf2+ 26. Kg2 Bb6 27. Ba3 Nc2 28. Bxf8 Nxa1 29. Ba3 Nc2 30. Bc1 Nd6 31. Rd7 Rd8 32. Rxd8+ Bxd8 33. Bd3 Ne1+ 34. Kf2 Nxd3+ 35. Nxd3 Bb6+ 36. Kf3 f6 37. Nf4 Kf7 38. Nd5 Bg1 39. Bf4 Nb5 40. b4 Ke6 41. Nc7+ Nxc7 42. Bxc7 Kd5 43. h3 Kc4 44. Bd6 Bd4 45. Bf8 g6 46. Kg4 Bc3 47. Be7 f5+ 48. Kg5 Bxb4 49. Bd8 Bd2+ 50. Kf6 a5 51. Kf7 a4 52. Be7 Bb4 53. Bf6 a3 54. Kg8 Bc3 55. Bxc3 Kxc3 56. Kxh7 a2 57. Kxg6 a1=Q 58. Kxf5 Kd4 59. h4 Qf1+ 60. Kg5 Ke5 61. h5 Qf5+ 62. Kh4 Kf6 63. g4 Qg5+ 0-1

[Event "POL Youth-ch U20 Girls 2020"]
[Site "Pokrzywna"]
[Date "2020.11.30"]
[Round "2.15"]
[White "Barwinska, Ewa"]
[Black "Mirowska, Oliwia"]
[Result "1/2-1/2"]
[ECO "B12"]
[WhiteElo "1731"]
[BlackElo "1820"]
[Annotator "NA"]
[PlyCount "107"]
[EventDate "2020.11.29"]
[EventType "swiss"]
[EventCountry "POL"]
[SourceTitle "playchess.com"]
[Source "ChessBase"]
[SourceQuality "1"]
[TimeControl "40/5400+30:1800+30"]

1. e4 c6 2. d4 g6 3. Nc3 Bg7 4. Nf3 d5 5. h3 dxe4 6. Nxe4 Nf6 7. Bd3 O-O 8. O-O Na6 9. c3 Bd7 10. Bg5 Nc7 11. Nxf6+ exf6 12. Bd2 Be6 13. c4 Qd7 14. Bc3 Rad8 15. Nd2 Rfe8 16. Qc2 f5 17. Nb3 b6 18. f4 a5 19. a4 Na6 20. Kh1 Nb4 21. Qd2 Nxd3 22. Qxd3 Qc8 23. Rac1 Qa6 24. Nd2 c5 25. b3 Bxd4 26. Bxd4 Rxd4 27. Qc2 Qb7 28. Rcd1 Qc7 29. Nf3 Rxf4 30. Qc3 Bc8 31. Rfe1 Rfe4 32. Ng5 Rxe1+ 33. Rxe1 Rxe1+ 34. Qxe1 Bb7 35. Qh4 h5 36. Qe1 Qd8 37. Qe3 Qd7 38. Qf4 f6 39. Qb8+ Kg7 40. Ne6+ Qxe6 41. Qxb7+ Kh6 42. Qf3 Qe4 43. Qd1 f4 44. Qd8 Qe1+ 45. Kh2 Qe5 46. Qd2 g5 47. Kh1 g4 48. hxg4 hxg4 49. g3 Qe3 50. Qh2+ Kg5 51. Qh4+ Kf5 52. Qh5+ Ke6 53. Qe8+ Kd6 54. Qd8+ 1/2-1/2

[Event "POL Youth-ch U20 Girls 2020"]
[Site "Pokrzywna"]
[Date "2020.12.01"]
[Round "3.1"]
[White "Sowa, Wiktoria"]
[Black "Antolak, Julia"]
[Result "0-1"]
[ECO "B90"]
[WhiteElo "2093"]
[BlackElo "2313"]
[Annotator "RC"]
[PlyCount "86"]
[EventDate "2020.11.29"]
[EventType "swiss"]
[EventCountry "POL"]
[SourceTitle "playchess.com"]
[Source "ChessBase"]
[SourceQuality "1"]
[TimeControl "40/5400+30:1800+30"]

1. e4 c5 2. Nf3 d6 3. d4 cxd4 4. Nxd4 Nf6 5. Nc3 a6 6. h3 e6 7. g4 h6 8. Bg2 Nc6 9. b3 Be7 10. Bb2 O-O 11. Qd2 Nxd4 12. Qxd4 e5 13. Qd3 b5 14. f4 Nd7 15. O-O-O exf4 16. Nd5 Bg5 17. Kb1 Bb7 18. Qd4 Ne5 19. Rhf1 Bxd5 20. Qxd5 Ng6 21. e5 dxe5 22. Qxa8 Qxa8 23. Bxa8 Rxa8 24. Rfe1 f6 25. Rd7 Bh4 26. Re4 Nf8 27. Rd1 Ne6 28. Bc1 Re8 29. c4 bxc4 30. Rxc4 Bg3 31. a4 Ng5 32. Rf1 Nxh3 33. Rh1 Nf2 34. Rf1 Nxg4 35. Rd1 Ne3 36. Bxe3 fxe3 37. Rc2 f5 38. Rd7 e4 39. Ka2 Be5 40. b4 f4 41. b5 axb5 42. axb5 f3 43. b6 e2 0-1

[Event "POL Youth-ch U20 Girls 2020"]
[Site "Pokrzywna"]
[Date "2020.12.01"]
[Round "3.14"]
[White "Zabrzanska, Weronika"]
[Black "Barwinska, Ewa"]
[Result "1-0"]
[ECO "B45"]
[WhiteElo "1849"]
[BlackElo "1731"]
[Annotator "NA RC"]
[PlyCount "77"]
[EventDate "2020.11.29"]
[EventType "swiss"]
[EventCountry "POL"]
[SourceTitle "playchess.com"]
[Source "ChessBase"]
[SourceQuality "1"]
[TimeControl "40/5400+30:1800+30"]

1. e4 c5 2. Nc3 Nc6 3. Nf3 e6 4. d4 cxd4 5. Nxd4 Nf6 6. Nxc6 bxc6 7. e5 Nd5 8. Nxd5 cxd5 9. Be3 Qc7 10. Bd4 Bc5 11. c3 Rb8 12. b3 Bxd4 13. Qxd4 Qa5 14. Bd3 Rxb3 15. O-O Rxc3 16. h4 Rxd3 17. Qxd3 Ba6 18. Qg3 O-O 19. Rfd1 Qa4 20. Qe3 Qxh4 21. Qxa7 Bb5 22. Rdb1 Qa4 23. Qc5 Bc6 24. Rb4 Qa6 25. Rab1 h6 26. Qc2 Qa7 27. Qb2 Kh7 28. Qc2+ Kg8 29. Qb3 Kh7 30. Qd3+ Kg8 31. R1b2 Rc8 32. Qg3 Rf8 33. Rg4 g6 34. Rbb4 Kh7 35. Rh4 Rh8 36. Qf4 Kg7 37. Qf6+ Kg8 38. Rhf4 d6 39. Rb8+ 1-0

[Event "POL Youth-ch U20 Girls 2020"]
[Site "Pokrzywna"]
[Date "2020.12.01"]
[Round "3.15"]
[White "Siekanska, Zuzanna"]
[Black "Hertlein, Irena"]
[Result "1/2-1/2"]
[ECO "E11"]
[WhiteElo "1800"]
[BlackElo "1893"]
[Annotator "NA RC"]
[PlyCount "70"]
[EventDate "2020.11.29"]
[EventType "swiss"]
[EventCountry "POL"]
[SourceTitle "playchess.com"]
[Source "ChessBase"]
[SourceQuality "1"]
[TimeControl "40/5400+30:1800+30"]

1. d4 Nf6 2. c4 e6 3. Nf3 Bb4+ 4. Nbd2 b6 5. a3 Bxd2+ 6. Qxd2 Bb7 7. e3 d6 8. Be2 Nbd7 9. O-O O-O 10. b4 Ne4 11. Qc2 f5 12. d5 Rf6 13. Nd4 Nf8 14. f3 Ng5 15. dxe6 f4 16. exf4 Ngxe6 17. Nxe6 Nxe6 18. Bd3 Nxf4 19. Bxh7+ Kh8 20. Bxf4 Rxf4 21. Be4 Bxe4 22. fxe4 Qf6 23. Rxf4 Qxf4 24. Qe2 Qe5 25. Re1 Rf8 26. Qe3 Qb2 27. Rf1 Rxf1+ 28. Kxf1 Qa1+ 29. Kf2 Qa2+ 30. Qe2 Qxa3 31. Qh5+ Kg8 32. Qd5+ Kh7 33. b5 a5 34. bxa6 Qxa6 35. g4 Qa2+ 1/2-1/2

[Event "POL Youth-ch U20 Girls 2020"]
[Site "Pokrzywna"]
[Date "2020.12.02"]
[Round "4.1"]
[White "Antolak, Julia"]
[Black "Rudzinska, Michalina"]
[Result "0-1"]
[ECO "B42"]
[WhiteElo "2313"]
[BlackElo "2189"]
[Annotator "RC"]
[PlyCount "65"]
[EventDate "2020.11.29"]
[EventType "swiss"]
[EventCountry "POL"]
[SourceTitle "playchess.com"]
[Source "ChessBase"]
[SourceQuality "1"]
[TimeControl "40/5400+30:1800+30"]

1. e4 c5 2. Nf3 e6 3. d4 cxd4 4. Nxd4 a6 5. Bd3 Qc7 6. O-O Nc6 7. Be3 Nf6 8. f4 Bc5 9. c3 Qb6 10. Qe2 Nxd4 11. cxd4 Bxd4 12. Bxd4 Qxd4+ 13. Kh1 b5 14. Nd2 Bb7 15. e5 Nd5 16. Ne4 O-O 17. Rad1 Ne3 18. Nf6+ Kh8 19. Be4 Nxd1 20. Rxd1 Qc4 21. Bd3 Qxf4 22. Rf1 Qh6 23. Nxh7 Rfc8 24. Qg4 Rc1 25. Ng5 Rxf1+ 26. Bxf1 Kg8 27. Bd3 Rc8 28. h3 f6 29. Bh7+ Kf8 30. exf6 Qxf6 31. Qg3 e5 32. Qa3+ d6 33. Nf3 0-1

[Event "POL Youth-ch U20 Girls 2020"]
[Site "Pokrzywna"]
[Date "2020.12.02"]
[Round "5.1"]
[White "Rudzinska, Michalina"]
[Black "Goraj, Barbara"]
[Result "1-0"]
[ECO "B89"]
[WhiteElo "2189"]
[BlackElo "2078"]
[Annotator "NA"]
[PlyCount "71"]
[EventDate "2020.11.29"]
[EventType "swiss"]
[EventCountry "POL"]
[SourceTitle "playchess.com"]
[Source "ChessBase"]
[SourceQuality "1"]
[TimeControl "40/5400+30:1800+30"]

1. e4 c5 2. Nf3 Nc6 3. d4 cxd4 4. Nxd4 Nf6 5. Nc3 d6 6. Bc4 e6 7. Be3 a6 8. Qe2 Qc7 9. Bb3 Na5 10. O-O Be7 11. f4 O-O 12. f5 Nxb3 (12... e5 $5 13. Nf3 $8 Nxb3 14. cxb3 b5 $11) 13. axb3 Bd7 14. Kh1 b5 15. fxe6 fxe6 16. b4 d5 ({Black should try} 16... Qc4 $15) 17. exd5 exd5 18. Bf4 Bd6 19. Ne6 Qc6 20. Nxf8 Rxf8 21. Bxd6 Qxd6 22. Qd3 Be6 23. Qd4 Rc8 $18 (23... Bf7 24. Qc5 Qxc5 25. bxc5 Rc8 26. Rxa6 d4) 24. Rxf6 gxf6 25. Ne4 Qc6 26. Nxf6+ Kf7 27. Nxh7 Kg6 28. Rf1 Bf5 29. Rf3 Kxh7 30. Rxf5 Qh6 31. h3 Rxc2 32. Qa7+ Kh8 33. Qb8+ Kh7 34. Rf7+ Kg6 35. Qg8+ Kh5 36. Qg4# 1-0